 Dungeon Crawl Stone Soup version 0.23.2-1-ga50397a6bc (webtiles) character file.

Game seed: 6393922462016820381

125 MachJacob the Cutter (level 5, -4/32 HPs)
             Began as a Kobold Gladiator on May 10, 2019.
             Slain by Grinder (5 damage)
             ... while paralysed by Grinder
             ... on level 3 of the Dungeon.
             The game lasted 00:06:37 (1734 turns).

MachJacob the Cutter (Kobold Gladiator)             Turns: 1734, Time: 00:06:38

Health: -4/32      AC:  6    Str: 12    XL:     5   Next: 30%
Magic:  5/5        EV:  3    Int:  9    God:
Gold:   105        SH:  0    Dex: 17    Spells: 4/4 levels left

rFire    . . .     SeeInvis .   a - +0 rapier
rCold    . . .     Gourm    .   (shield restricted)
rNeg     . . .     Faith    .   b - +0 leather armour
rPois    .         Spirit   .   c - +0 helmet
rElec    .         Reflect  .   k - +0 cloak
rCorr    .         Harm     .   (no gloves)
MR       .....                  w - +0 pair of boots
Stlth    ++........             (no amulet)
HPRegen  0.10/turn              (no ring)
MPRegen  0.09/turn              (no ring)

@: paralysed
A: small, carnivore
a: no special abilities


You were on level 3 of the Dungeon.
You were completely stuffed.

You visited 1 branch of the dungeon, and saw 3 of its levels.

You collected 105 gold pieces.

Inventory:

Hand Weapons
 a - a +0 rapier (weapon)
Missiles
 n - 61 stones (quivered)
 o - 6 tomahawks of returning
Armour
 b - a +0 leather armour (worn)
 c - a +0 helmet (worn)
 k - a +0 cloak (worn)
 v - a +0 ring mail
 w - a +0 pair of boots (worn)
Jewellery
 l - an uncursed amulet of faith
 s - an uncursed ring of flight {unknown}
Scrolls
 e - 3 scrolls of teleportation
 g - 5 scrolls of identify
 h - a scroll of fear {unknown}
 i - a scroll of enchant weapon {unknown}
 q - a scroll of remove curse {unknown}
 t - a scroll of magic mapping {unknown}
 u - a scroll of immolation {unknown}
Potions
 j - a potion of berserk rage
 m - a potion of curing {unknown}
 r - a potion of might {unknown}
Comestibles
 f - 2 rations


   Skills:
 + Level 2.9 Fighting
 + Level 4.8 Short Blades
 + Level 2.9 Throwing
 + Level 4.3 Dodging
 * Level 3.6 Stealth


You had 4 spell levels left.
You didn't know any spells.
Your spell library was empty.

Dungeon Overview and Level Annotations

Branches:
Dungeon (3/15)

Altars:

Annotations:
D:3 Grinder


Innate Abilities, Weirdness & Mutations

You are small and have problems with some larger weapons.
You are carnivorous and can eat meat at any time.


Message History

All of the chunks of flesh in your inventory have rotted away.
There is an open door here.
You close the door.
Grinder opens the door.
Grinder blinks!
You see here 16 arrows.
An adder comes into view.
Grinder gestures at you. Pain shoots through your body!
* * * LOW HITPOINT WARNING * * *
Found a stone staircase leading down.
Grinder gestures at you.
You suddenly lose the ability to move!
Grinder hits you.
* * * LOW HITPOINT WARNING * * *
You writhe in agony.
* * * LOW HITPOINT WARNING * * *
An orc comes into view. It is wielding a +0 club.
Grinder hits you.
You die...

######
##....#######
#@...%'.....#
#5.(..#####.#
#.##### #.#
#.# #.# #.#
#.# o># #.#
#.# #.# #.#
#.# #S #.#


You could see Grinder and an orc (wandering).

Vanquished Creatures
  A scorpion (D:2)
  2 adders (D:2)
  2 worms (D:2)
  3 dart slugs (D:1)
  2 leopard geckos
  2 bats
  3 giant cockroaches
  4 goblins
  3 hobgoblins
  4 jackals (D:1)
  4 frilled lizards (D:2)
  6 kobolds
  6 rats (D:1)
42 creatures vanquished.

Notes
Turn   | Place    | Note
-------+----------+-------------------------------------------
     0 | D:1      | MachJacob the Kobold Gladiator began the quest for the Orb.
     0 | D:1      | Reached XP level 1. HP: 12/12 MP: 1/1
   130 | D:1      | Reached skill level 1 in Stealth
   153 | D:1      | Reached XP level 2. HP: 17/17 MP: 2/2
   345 | D:1      | Reached XP level 3. HP: 21/22 MP: 3/3
  1177 | D:2      | Reached XP level 4. HP: 27/27 MP: 4/4
  1319 | D:2      | Reached XP level 5. HP: 21/32 MP: 5/5
  1706 | D:3      | Noticed Grinder
  1722 | D:3      | Paralysed by Grinder for 3 turns
  1731 | D:3      | Paralysed by Grinder for 7 turns
  1733 | D:3      | HP: 1/32 [Grinder (2)]
  1734 | D:3      | Slain by Grinder

Skill      XL: |  1  2  3  4 |
---------------+-------------+-----
Stealth        | 1 2 3 |  3.6
Dodging        | 4 |  4.3
Fighting       | |  2.9
Short Blades   | |  4.8
Throwing       | |  2.9

Action                   |  1- 3 |  4- 6 || total
-------------------------+-------+-------++-------
Melee: Rapier            |    77 |    50 ||   127
Throw: Throwing net      |     1 |     6 ||     7
       Tomahawk          |       |     2 ||     2
       Stone             |       |     1 ||     1
  Use: Scroll            |     3 |       ||     3
 Stab: Sleeping          |     4 |       ||     4
       Held in net/web   |     2 |     2 ||     4
  Eat: Chunk             |     9 |     2 ||    11
Armor: Leather armour    |    18 |     9 ||    27
Dodge: Dodged            |    40 |    29 ||    69
